[Event "Late-Titled-Tuesday-Blitz-March-12-2024"]
[Site "Chess.com"]
[Date "2024.03.12"]
[Round "4"]
[White "Grischuk"]
[Black "MatthewG-p4p"]
[Result "1/2-1/2"]
[WhiteElo "3071"]
[BlackElo "2914"]
[TimeControl "180+1"]
[EndTime "14:37:33 PDT"]
[Termination "Game drawn by repetition"]

1. d4 Nf6 2. c4 c5 3. d5 e6 4. Nc3 exd5 5. cxd5 d6 6. e4 g6 7. h3 Bg7 8. Nf3 O-O 9. Bd3 b5 10. Nxb5 Re8 11. O-O Nxe4 12. Bxe4 Rxe4 13. Bg5 Qb6 14. Nc3 Re8 15. Re1 Bd7 16. Ne4 Na6 17. Nf6+ Bxf6 18. Bxf6 Nc7 19. Qd2 Rxe1+ 20. Rxe1 Re8 21. Rd1 Re4 22.
Bc3 Ne8 23. Ng5 Re7 24. Qf4 Qa6 25. Nxh7 Qa4 26. Nf6+ Nxf6 27. Qxf6 Qxd1+ 28. Kh2 Re5 29. Bxe5 dxe5 30. Qd8+ Kg7 31. Qxd7 Qd2 32. Qd6 Qf4+ 33. Kg1 Qc1+ 34. Kh2 Qf4+ 35. Kg1 Qc1+ 36. Kh2 Qf4+ 1/2-1/2

[Event "Late-Titled-Tuesday-Blitz-March-12-2024"]
[Site "Chess.com"]
[Date "2024.03.12"]
[Round "4"]
[White "Didici"]
[Black "mishanick"]
[Result "0-1"]
[WhiteElo "2759"]
[BlackElo "3102"]
[TimeControl "180+1"]
[EndTime "14:37:33 PDT"]
[Termination "mishanick won by resignation"]

1. c4 e6 2. Nc3 d5 3. d4 Nf6 4.
cxd5 exd5 5. Bg5 Bb4 6. e3 h6 7.
Bh4 g5 8. Bg3 Ne4 9. Ne2 h5 10. h4 Nxg3 11. Nxg3 gxh4 12. Nxh5 c6 13. g3 hxg3 14. Qf3 gxf2+ 15. Qxf2 Be6 16. Bd3 Kd7 17. O-O-O Kc7 18. Ng7 Nd7 19. Nxe6+ fxe6 20. e4 Qe7 21. Kb1 Bxc3 22. bxc3 Raf8 23. Qg3+ Qd6 24. Qxd6+ Kxd6 25. Rxh8 Rxh8 26. Rd2 dxe4 27. Bxe4 Rh3 28. Kc2 b6 29. Rd3 Rh4 30. Bf3 Nf6 31. Kb3 Rh3 32.
Be2 Rh2 33. Bf3 a5 34. a4 Rf2 35. Bh1 Nh5 36. Rh3 Nf4 37. Rf3 Rxf3 38. Bxf3 Nd5 39. Kc2 c5 40. Kd3 cxd4 41. cxd4 Nf6 42. Kc4 Ne8 43.
Kb5 Kc7 44. Kc4 Nd6+ 45. Kd3 Kd7 46. Kc3 Ke7 47. Kd3 Kf6 48. Ke3 Nc4+ 49. Kf4 Nb2 50. Bc6 Ke7 51. Ke4 Nc4 52. Kd3 Nd6 53. Bf3 Kf6 54. Bc6 Kf5 55. Ke3 Kf6 56. Kf4 Nf5 57. Ke4 Ke7 58. Bb5 Nd6+ 0-1

[Event "Late-Titled-Tuesday-Blitz-March-12-2024"]
[Site "Chess.com"]
[Date "2024.03.12"]
[Round "4"]
[White "GothamChess"]
[Black "the_blue_pill"]
[Result "1-0"]
[WhiteElo "2694"]
[BlackElo "2460"]
[TimeControl "180+1"]
[EndTime "14:37:33 PDT"]
[Termination "GothamChess won by checkmate"]

1. e4 c5 2. Nc3 g6 3. d4 cxd4 4. Qxd4 Nf6 5. Nf3 Nc6 6. Qd3 d6 7. Bg5 Bg7 8. Nd5 O-O 9. c3 Bg4 10. Be2 Bxf3 11. Qxf3 Nxd5 12. exd5 Ne5 13. Qe4 h6 14.
Bc1 Nd7 15. h4 Nf6 16. Qd3 Qa5 17. Bf3 Rfe8 18. O-O Nd7 19. Qd1 Ne5 20. Be4 b5 21. h5 g5 22. f4 gxf4 23. Bxf4 b4 24. Bxe5 dxe5 25. Qg4 bxc3 26. Rxf7 Kxf7 27. Qe6+ Kf8 28. d6 Qb6+ 29. Kh1 Qxd6 30. Rf1+ Bf6 31. Rxf6+ Kg7 32.
Qf7+ Kh8 33. Qh7# 1-0

[Event "Late-Titled-Tuesday-Blitz-March-12-2024"]
[Site "Chess.com"]
[Date "2024.03.12"]
[Round "4"]
[White "ketster"]
[Black "Rutricks"]
[Result "0-1"]
[WhiteElo "2555"]
[BlackElo "2725"]
[TimeControl "180+1"]
[EndTime "14:37:37 PDT"]
[Termination "Rutricks won by checkmate"]

1. d4 g6 2. c4 Bg7 3. e4 d6 4.
Nc3 Nd7 5. Nge2 e5 6. d5 a5 7. Ng3 h5 8. h4 Bf6 9. Be3 Bxh4 10.
Be2 Bg5 11. Qd2 Bxe3 12. Qxe3 Nc5 13. O-O-O Bd7 14. f4 exf4 15. Qxf4 Qf6 16. Rhf1 Qxf4+ 17. Rxf4 h4 18. Rh1 g5 19. Rff1 Ke7 20. Nf5+ Bxf5 21. Rxf5 f6 22. Kd2 Nh6 23. Rf2 Nf7 24. Rhf1 Rh6 25.
b3 Ne5 26. Ke3 c6 27. Rd1 h3 28. g4 h2 29. Rh1 Rh3+ 30. Kd2 Rxc3 31. Kxc3 Nxe4+ 32. Kd4 Nxf2 33. Rxh2 c5+ 34. Kc3 Nfxg4 35. Bxg4 Kf7 36.
Bf5 g4 37. Rh7+ Kg8 38. Rh4 Rf8 39. Bxg4 f5 40. Be2 Kg7 41. Kd2 Rh8 42. Rf4 Kf6 43. Ke3 Rh3+ 44. Kd2 Kg5 45. Rf1 Rh2 46. Ke3 Rh3+ 47.
Kd2 f4 48. Rg1+ Kf5 49. Rf1 Ke4 50. Rf2 f3 51. Bd1 Rg3 52. Bc2+ Kf4 53. Bd1 Rg2 54.
Ke1 Nd3+ 55. Kf1 Rxf2+ 56. Kg1 Rd2 57. Kf1 Rxd1# 0-1

[Event "Late-Titled-Tuesday-Blitz-March-12-2024"]
[Site "Chess.com"]
[Date "2024.03.12"]
[Round "4"]
[White "SantoBlue"]
[Black "kids2010"]
[Result "1-0"]
[WhiteElo "3058"]
[BlackElo "2773"]
[TimeControl "180+1"]
[EndTime "14:37:38 PDT"]
[Termination "SantoBlue won by resignation"]

1. e4 e5 2. Nf3 Nc6 3. d3 Nf6 4. Be2 d6 5. O-O Be7 6. Nbd2 O-O 7. c3 h6 8. Re1 Be6 9. d4 exd4 10. cxd4 d5 11.
e5 Ne4 12. Bd3 Nxd2 13. Bxd2 Qd7 14. Rc1 f5 15. Bb5 a6 16. Bxc6 bxc6 17. Qa4 Rab8 18. Qxc6 Rfc8 19. Qxd7 Bxd7 20. e6 Be8 21. b3 Bd6 22.
Ne5 Kf8 23. Ba5 Ke7 24. Nc6+ Bxc6 25. Rxc6 Ra8 26. h3 Ra7 27. b4 Rb8 28. a3 Rf8 29. Rec1 Rc8 30. Bb6 Rb7 31. Bc5 Ra8 32. Bxd6+ cxd6 33. Rc7+ Rxc7 34. Rxc7+ Kxe6 35. Rxg7 a5 36. b5 a4 37. b6 Ra5 38. b7 Rb5 39. Rh7 f4 40. Rxh6+ Kf5 41. Rxd6 Ke4 42. Rd7 Kxd4 43. h4 Kc5 44. h5 Kc6 45. h6 Kxd7 46. h7 Rxb7 47. h8=Q Kc6 48. Qh6+ Kc5 49. Qxf4 d4 50. Qf8+ Kc4 51.
Qc8+ 1-0

[Event "Late-Titled-Tuesday-Blitz-March-12-2024"]
[Site "Chess.com"]
[Date "2024.03.12"]
[Round "4"]
[White "albi1999"]
[Black "Adar_07"]
[Result "0-1"]
[WhiteElo "2579"]
[BlackElo "2804"]
[TimeControl "180+1"]
[EndTime "14:37:38 PDT"]
[Termination "Adar_07 won by resignation"]

1. Nf3 Nf6 2. b3 d5 3. Bb2 Bg4 4. e3 Nbd7 5. c4 c6 6. Nc3 e5 7. h3 Bh5 8. cxd5 cxd5 9. g4 Bg6 10. g5 Ne4 11. Nxd5 Bd6 12. Nc3 Nxg5 13. Nxg5 Qxg5 14. h4 Qd8 15. h5 Bf5 16. Qf3 Be6 17. Qxb7 O-O 18.
Qg2 Re8 19. Ne4 Bf8 20. Ng5 Nc5 21. Nxe6 Rxe6 22. Bc4 Re8 23. Ke2 Rc8 24. Rh3 Qd7 25.
Qd5 Qg4+ 26. Qf3 Qd7 27. Rg3 Ne6 28. Qd5 Qxd5 29. Bxd5 Nf4+ 30. exf4 exf4+ 31. Re3 fxe3 32. fxe3 Rc5 33. Bc4 Rxh5 34. Rf1 Rh2+ 35. Kd1 Re7 36. Be5 Rxe5 37. Rxf7 Rc5 38. Rf4+ Rxc4 39. Rxc4 h5 40. Rc7 a5 0-1

[Event "Late-Titled-Tuesday-Blitz-March-12-2024"]
[Site "Chess.com"]
[Date "2024.03.12"]
[Round "4"]
[White "kinga2008"]
[Black "BeanScreen"]
[Result "0-1"]
[WhiteElo "2449"]
[BlackElo "2734"]
[TimeControl "180+1"]
[EndTime "14:37:38 PDT"]
[Termination "BeanScreen won by resignation"]

1. e4 e5 2. Nf3 Nc6 3. d4 exd4 4. Bc4 Nf6 5. O-O Nxe4 6. Re1 d5 7. Bxd5 Qxd5 8. Nc3 Qh5 9. Nxe4 Be6 10. Bg5 Bd6 11.
Nxd6+ cxd6 12. Bf4 Qd5 13. c4 Qxc4 14. Bxd6 Qd5 15.
Ba3 O-O-O 16. Rc1 Kb8 17. Qa4 Rhe8 18. Rc5 Qd7 19. Rb5 Bd5 20. Rxe8 Rxe8 21. Nd2 Re1+ 22.
Nf1 Be4 23. Qb3 d3 24. Bb4 Nxb4 25. Qxb4 Bc6 26. Qf8+ Re8 27. Qxg7 Bxb5 28. Qg3+ Ka8 29. Qf4 d2 30. Nxd2 Re1+ 0-1

[Event "Late-Titled-Tuesday-Blitz-March-12-2024"]
[Site "Chess.com"]
[Date "2024.03.12"]
[Round "4"]
[White "ChessBrainiacOnTwitch"]
[Black "RantomOpening"]
[Result "0-1"]
[WhiteElo "2763"]
[BlackElo "2588"]
[TimeControl "180+1"]
[EndTime "14:37:40 PDT"]
[Termination "RantomOpening won by resignation"]

1. e4 c5 2. Nc3 Nc6 3. Bb5 Qc7 4. Nf3 e6 5. O-O a6 6. Bxc6 Qxc6 7. d4 cxd4 8. Qxd4 Nf6 9. e5 Bc5 10. Qh4 Nd5 11. Ne4 Be7 12. Qg3 g6 13. Bh6 b5 14.
Nd6+ Bxd6 15. exd6 f6 16. Rfe1 Bb7 17. Nd4 Qc4 18.
c3 O-O-O 19. a4 Bc6 20. axb5 axb5 21. Ra7 Kb8 22. Rea1 Nb6 23. b3 Qc5 24. Be3 Nd5 25. Nxe6 Qxc3 26. Nxd8 Rxd8 27. Bb6 Qxg3 28. Bc7+ Nxc7 29.
hxg3 Ne8 30. R7a2 Nxd6 31. Re1 Re8 32. Rd1 Kc7 33. Ra7+ Nb7 34. Ra2 Nc5 35. b4 Ne4 36. Re2 Ra8 37. Re3 Ra4 38. f3 Nxg3 39. Re7 h5 40.
Rf7 Rxb4 41. Rxf6 g5 42. Re1 g4 43. fxg4 Rxg4 44. Kh2 Ne4 45. Rh6 Nd6 46. Re2 h4 47. Kh3 Rg3+ 48. Kxh4 Rxg2 49. Rxg2 Bxg2 50. Kg3 Nf5+ 0-1

[Event "Late-Titled-Tuesday-Blitz-March-12-2024"]
[Site "Chess.com"]
[Date "2024.03.12"]
[Round "4"]
[White "Bugcrusher"]
[Black "norwaytoadog"]
[Result "1-0"]
[WhiteElo "2534"]
[BlackElo "2331"]
[TimeControl "180+1"]
[EndTime "14:37:40 PDT"]
[Termination "Bugcrusher won on time"]

1. e4 c5 2. Nc3 Nc6 3. Bb5 Nd4 4. Nf3 e6 5. O-O a6 6. Bd3 Nc6 7. b3 d6 8. Bb2 Nf6 9. Re1 Be7 10. e5 dxe5 11.
Nxe5 Nxe5 12. Rxe5 Qc7 13. Qe2 Ng4 14. Nb5 axb5 15.
Bxb5+ Bd7 16. Bxd7+ Qxd7 17. Qxg4 Bf6 18. d3 Bxe5 19. Bxe5 f6 20. Bc3 O-O 21. a4 Rae8 22. Re1 Qd5 23. f4 e5 24. fxe5 fxe5 25. Re4 Rf6 26.
Qe2 Ref8 27. Rxe5 Qc6 28. h3 b5 29. axb5 Qxb5 30. Re7 R6f7 31. Qe6 Qb8 32. Be5 Qc8 33. Qc4 Qf5 34. Bg3 Kh8 35. Rxf7 Rxf7 36. Kh2 h5 37. Qh4 Kh7 38. b4 Kh6 39. bxc5 g5 40. Qd4 h4 41. Qh8+ Kg6 42. Be5 1-0

[Event "Late-Titled-Tuesday-Blitz-March-12-2024"]
[Site "Chess.com"]
[Date "2024.03.12"]
[Round "4"]
[White "Cyrano-Lossi"]
[Black "YegoryoCh"]
[Result "1/2-1/2"]
[WhiteElo "2284"]
[BlackElo "2504"]
[TimeControl "180+1"]
[EndTime "14:37:44 PDT"]
[Termination "Game drawn by repetition"]

1. d4 d5 2. Nc3 Nf6 3. Bf4 a6 4. e3 c5 5. Nf3 Bg4 6. Be2 e6 7. Ne5 Bxe2 8. Qxe2 Nc6 9. dxc5 Bxc5 10.
O-O O-O 11. Rfd1 Bd6 12. Nxc6 bxc6 13. Bxd6 Qxd6 14. e4 Qb4 15. e5 Qxb2 16. Qd3 Nd7 17. Rab1 Qa3 18. Nxd5 Qxd3 19. Ne7+ Kh8 20. cxd3 Nxe5 21.
d4 Rfe8 22. Rb7 Rad8 23. f4 Rd7 24. Rxd7 Nxd7 25. Nxc6 Rc8 26. d5 exd5 27. Rxd5 Rxc6 28. Rxd7 h6 29. Rxf7 Rc1+ 30. Kf2 Rc2+ 31. Kf3 Rxa2 32. h3 Kh7 33. g3 Kg6 34. Rb7 Ra3+ 35. Kg4 a5 36.
Rb6+ Kh7 37. Ra6 a4 38. Kh4 Ra1 39. g4 a3 40. Ra5 a2 41. Ra6 Kg8 42. Ra7 Kf8 43. f5 Ke8 44. Ra6 Ke7 45. Ra7+ Kf6 46. Ra6+ Ke5 47. Ra7 Kf6 48. Ra6+ Kf7 49. Ra7+ Kg8 50.
Ra8+ Kf7 51. Ra7+ Kf6 1/2-1/2

[Event "Late-Titled-Tuesday-Blitz-March-12-2024"]
[Site "Chess.com"]
[Date "2024.03.12"]
[Round "4"]
[White "CarlosAlbornoz"]
[Black "BilodeauA"]
[Result "1-0"]
[WhiteElo "2806"]
[BlackElo "3000"]
[TimeControl "180+1"]
[EndTime "14:37:46 PDT"]
[Termination "CarlosAlbornoz won on time"]

1. e4 e5 2. Nf3 Nc6 3. Bb5 a6 4.
Ba4 d6 5. c3 Bd7 6. d4 Nge7 7.
d5 Nb8 8. c4 Ng6 9. Nc3 Be7 10.
g3 O-O 11. Bxd7 Qxd7 12. h4 f5 13. h5 Nh8 14. Qe2 c6 15. Be3 b5 16. dxc6 Nxc6 17. cxb5 axb5 18. Qxb5 fxe4 19. Qd5+ Nf7 20. Qxe4 Rfb8 21. h6 g6 22. O-O Rb4 23. Qc2 d5 24. Rfd1 d4 25. Ne4 Qb7 26. Bg5 Rxb2 27. Qc4 Bf8 28.
Rac1 Na5 29. Qd3 Rxa2 30. Rb1 Qa7 31. Rb5 Rb8 32. Nxe5 Rxb5 33. Qxb5 d3 34. Qd5 Rxf2 35. Nxf2 1-0

[Event "Late-Titled-Tuesday-Blitz-March-12-2024"]
[Site "Chess.com"]
[Date "2024.03.12"]
[Round "4"]
[White "MarcoRiehle"]
[Black "GlavkonVVS"]
[Result "0-1"]
[WhiteElo "2793"]
[BlackElo "2601"]
[TimeControl "180+1"]
[EndTime "14:37:46 PDT"]
[Termination "GlavkonVVS won by checkmate"]

1. e4 Nf6 2. e5 Nd5 3. Nc3 Nb6 4.
d4 d6 5. Nf3 Bg4 6. h3 Bh5 7.
Bf4 e6 8. Qd2 Nc6 9. g4 Bg6 10.
O-O-O d5 11. Kb1 Qd7 12. Bg5 Be7 13. Bxe7 Qxe7 14. Bd3 O-O-O 15. Bxg6 hxg6 16. Qg5 Qb4 17. a3 Qa5 18. Rd3 Nc4 19. Nd2 Qb6 20. Nxc4 dxc4 21.
Rdd1 Rxd4 22. Rxd4 Qxd4 23. Nb5 Qd5 24. Re1 Qxb5 25. Qf4 c3 26. b3 Qc5 27. b4 Qe7 28.
Re3 a5 29. Rxc3 axb4 30. Rc4 bxa3 31. Qe3 Rd8 32. Qc3 Rd5 33. Ra4 Rb5+ 34. Kc1 Qc5 35. Qd3 Qd5 36. Qxa3 Qh1+ 37. Kd2 Rd5+ 38. Kc3 Qe1+ 39.
Kc4 b5+ 40. Kb3 Qb1+ 41. Kc3 bxa4 42. Qxa4 Qe1+ 43. Kb3 Nd4+ 44. Ka2 Qxe5 45. Qa8+ Kd7 46. c3 Qe2+ 47. Ka3 Nb5+ 48. Kb4 Qb2+ 49. Kc4 Qxc3# 0-1

[Event "Late-Titled-Tuesday-Blitz-March-12-2024"]
[Site "Chess.com"]
[Date "2024.03.12"]
[Round "4"]
[White "Jarming"]
[Black "ccccvhhhj"]
[Result "1-0"]
[WhiteElo "2654"]
[BlackElo "2458"]
[TimeControl "180+1"]
[EndTime "14:37:48 PDT"]
[Termination "Jarming won on time"]

1. d4 e5 2. dxe5 d6 3. e4 Nc6 4. Nf3 Bg4 5. Bb5 dxe5 6. Nbd2 Bd6 7. h3 Bh5 8. c3 Ne7 9. Nf1 O-O 10. Ng3 Bg6 11. Nh4 a6 12. Ba4 Kh8 13. Qf3 Nc8 14. Nhf5 Bc5 15. h4 Bxf5 16. Nxf5 Nd6 17. Ne3 f5 18.
Nxf5 Nxf5 19. exf5 e4 20. Qf4 Qd7 21. g4 e3 22. Bxe3 Bxe3 23. fxe3 Qd5 24. O-O Rae8 25. Rad1 Qc5 26. Bxc6 Qxc6 27. Rd4 Re7 28. e4 Qb6 29. Re1 Qxb2 30. Qd2 Qb6 31. e5 Rfe8 32. e6 Rf8 33. Kh2 Qc6 34. Rd8 Ree8 35. Rxe8 Rxe8 36. Qd4 h6 37. g5 Qf3 38. gxh6 Rg8 39. Rg1 Qxf5 40. Rxg7 Qf8 41. Rf7+ 1-0

[Event "Late-Titled-Tuesday-Blitz-March-12-2024"]
[Site "Chess.com"]
[Date "2024.03.12"]
[Round "4"]
[White "Jahonas"]
[Black "LUISMIGUELOV"]
[Result "1-0"]
[WhiteElo "2323"]
[BlackElo "2119"]
[TimeControl "180+1"]
[EndTime "14:37:48 PDT"]
[Termination "Jahonas won by checkmate"]

1. e4 c6 2. d4 d5 3. Nc3 dxe4 4. Nxe4 Bf5 5. Ng3 Bg6 6. Nf3 Nd7 7. h4 h6 8. h5 Bh7 9. c4 e6 10. a3 Ngf6 11. Bd3 Bxd3 12. Qxd3 Bd6 13. Ne4 Nxe4 14. Qxe4 Nf6 15. Qe2 Qa5+ 16. Bd2 Qf5 17. Ne5 Qe4 18.
Qxe4 Nxe4 19. Be3 Bxe5 20. dxe5 a6 21. f3 Ng5 22. Bxg5 hxg5 23. O-O-O Rd8 24. Rxd8+ Kxd8 25. g4 g6 26. h6 Ke7 27. f4 f6 28. fxg5 fxg5 29. Kd2 Rf8 30. Ke3 Rd8 31. b4 Kf7 32. Rf1+ Kg8 33. Rf6 Kh7 34. Rxe6 Kxh6 35. Re7 Rb8 36.
e6 b5 37. c5 a5 38. Ke4 axb4 39. axb4 Rb7 40. Re8 Kg7 41. Ke5 Ra7 42. Kd6 Ra4 43. e7 Rxb4 44. Rg8+ Kxg8 45. e8=Q+ Kg7 46. Qxc6 Kh6 47.
Qh1+ Kg7 48. Qf3 Rf4 49. Qc3+ Kh6 50. Qh8# 1-0

[Event "Late-Titled-Tuesday-Blitz-March-12-2024"]
[Site "Chess.com"]
[Date "2024.03.12"]
[Round "4"]
[White "prochn"]
[Black "Kildepiotr"]
[Result "0-1"]
[WhiteElo "2482"]
[BlackElo "2699"]
[TimeControl "180+1"]
[EndTime "14:37:49 PDT"]
[Termination "Kildepiotr won on time"]

1. d4 c5 2. d5 e5 3. e4 d6 4. g3 Be7 5. Bg2 Bg5 6. Bxg5 Qxg5 7. Nf3 Qd8 8. O-O Ne7 9. a4 O-O 10. Na3 h6 11. Nc4 f5 12. exf5 Nxf5 13. c3 Qe7 14. Nfd2 Nd7 15. Ne4 Nf6 16. a5 Bd7 17. Qc2 Bb5 18. Nxf6+ Rxf6 19. b3 Raf8 20. Be4 h5 21. Rae1 Qc7 22. f4 exf4 23. Rxf4 Bxc4 24. bxc4 Qe7 25. Re2 Re8 26. Ref2 Ne3 27. Qd3 Rxf4 28. Rxf4 Ng4 29. h3 Ne5 30. Qe2 Qg5 31. Kh2 Rf8 32. Qf1 Rf6 33. Rf5 Rxf5 34. Bxf5 g6 35. Be6+ Kg7 36. Qf2 Qf6 0-1

[Event "Late-Titled-Tuesday-Blitz-March-12-2024"]
[Site "Chess.com"]
[Date "2024.03.12"]
[Round "4"]
[White "AmanteDeMoi"]
[Black "wild3000"]
[Result "1-0"]
[WhiteElo "2592"]
[BlackElo "2406"]
[TimeControl "180+1"]
[EndTime "14:37:50 PDT"]
[Termination "AmanteDeMoi won by resignation"]

1. Nf3 d5 2. e3 Nf6 3. b3 g6 4. Bb2 Bg7 5. Be2 O-O 6. O-O c5 7. c4 Nc6 8. cxd5 Nxd5 9. Bxg7 Kxg7 10. Qc1 b6 11. d4 Be6 12. dxc5 bxc5 13. Qxc5 Rc8 14.
Nd4 Nxd4 15. Qxd4+ f6 16. Bc4 Bf7 17. Rd1 Nb6 18. Bxf7 Qxd4 19. exd4 Kxf7 20. Na3 Rfd8 21. Kf1 Rd5 22. Ke2 Rcd8 23. Nc2 h5 24. Rd2 h4 25. Rad1 h3 26. Ne3 R5d6 27. g4 Nd5 28. Nxd5 Rxd5 29. f4 g5 30. f5 e6 31. fxe6+ Kxe6 32. Ke3 f5 33. gxf5+ Rxf5 34. Rg1 Kf6 35. Rg3 Rh8 36. b4 a5 37. a3 axb4 38. axb4 Rb5 39. Rb2 Kf5 40.
Kd3 g4 41. Kc4 Rhb8 42. d5 Kg5 43. d6 R5b6 44. Kc5 Rb5+ 45. Kc4 R5b6 46. Rd3 Rd8 47. Kc5 Rbb8 48. d7 Kh4 49. Kc6 Ra8 50. b5 Rab8 51.
b6 Rh8 52. Kc7 Rbd8 53. b7 g3 54. hxg3+ Kg4 55. Rb4+ Kf5 56. g4+ Kg5 57. Rxh3 Rxh3 58.
Kxd8 Rd3 59. b8=Q 1-0

[Event "Late-Titled-Tuesday-Blitz-March-12-2024"]
[Site "Chess.com"]
[Date "2024.03.12"]
[Round "4"]
[White "betta2004"]
[Black "Gryffindorac8"]
[Result "1-0"]
[WhiteElo "2547"]
[BlackElo "2366"]
[TimeControl "180+1"]
[EndTime "14:37:50 PDT"]
[Termination "betta2004 won by resignation"]

1. d4 Nf6 2. Nc3 d5 3. Bf4 a6 4. e3 b5 5. Nf3 e6 6. Bd3 Bb7 7.
O-O c5 8. dxc5 Bxc5 9. Ne5 O-O 10. a4 b4 11. Ne2 Nbd7 12. Nd4 Nxe5 13. Bxe5 Bd6 14. Bxd6 Qxd6 15. Nb3 Rac8 16. Qd2 Rfd8 17. Rfd1 Qb6 18. a5 Qd6 19. Ra4 Ng4 20. g3 Qc6 21. Rxb4 d4 22. e4 Ne5 23. Qe2 f5 24. Rb6 Qc7 25.
Bxa6 Bxe4 26. Bxc8 Nf3+ 27. Qxf3 Bxf3 28. Bxe6+ Kh8 29.
Rxd4 h6 30. c3 Rxd4 31. Nxd4 Be4 32. f3 Bd3 33. Rc6 Qa7 34. Rc8+ Kh7 35. b4 Qe7 36.
h4 Qd6 37. Kf2 Qe5 38. h5 f4 39. Bg8+ Kh8 40. Bc4+ Kh7 41. Bxd3+ g6 42. hxg6+ Kg7 43.
Rc7+ Kf6 44. Rf7+ Kg5 45. gxf4+ 1-0

[Event "Late-Titled-Tuesday-Blitz-March-12-2024"]
[Site "Chess.com"]
[Date "2024.03.12"]
[Round "4"]
[White "carokannlover213"]
[Black "Statham_01"]
[Result "1-0"]
[WhiteElo "2822"]
[BlackElo "2597"]
[TimeControl "180+1"]
[EndTime "14:37:55 PDT"]
[Termination "carokannlover213 won by resignation"]

1. e4 e5 2. Nf3 Nf6 3. Nxe5 Nc6 4.
Nxc6 dxc6 5. d3 Bc5 6. Be3 Bxe3 7. fxe3 Ng4 8. Qf3 Qg5 9. Qf4 Qc5 10. Kd2 Be6 11.
h3 g5 12. Qg3 Ne5 13. d4 Qb4+ 14. Nc3 Nd7 15. Qxg5 f6 16. Qf4 O-O-O 17. Bd3 Rhg8 18. g4 c5 19. a3 Qb6 20. Rad1 cxd4 21. exd4 Kb8 22.
Kc1 a6 23. Be2 Bf7 24. Rhf1 Ka8 25. Qf2 Rg5 26. e5 Bg6 27. h4 fxe5 28. hxg5 Rf8 29.
Qe3 Re8 30. Qd2 e4 31. Qe3 Qd6 32. Rf4 Nb6 33. d5 Nd7 34. Rdf1 Nc5 35. Rf6 Qe5 36. Qxc5 Qxg5+ 37. Kb1 e3 38. Qxc7 Qe5 39. Qxe5 Rxe5 40.
d6 Kb8 41. Rf8+ Ka7 42. d7 1-0

[Event "Late-Titled-Tuesday-Blitz-March-12-2024"]
[Site "Chess.com"]
[Date "2024.03.12"]
[Round "4"]
[White "szachmistrz2500"]
[Black "yuriydovzik"]
[Result "1-0"]
[WhiteElo "2472"]
[BlackElo "2106"]
[TimeControl "180+1"]
[EndTime "14:37:55 PDT"]
[Termination "szachmistrz2500 won on time"]

1. d4 c6 2. Nc3 g6 3. e4 Bg7 4.
Be3 d5 5. e5 h5 6. Bd3 Nh6 7.
Nge2 Bf5 8. Qd2 e6 9. f3 a6 10. O-O-O c5 11. dxc5 Nc6 12. f4 Bxd3 13. Qxd3 Nf5 14.
Bf2 Bh6 15. Kb1 Qa5 16. g3 Bf8 17. h3 Bxc5 18. Bxc5 Qxc5 19. g4 Ne3 20. Rdg1 O-O-O 21. Na4 Qa7 22. Rg3 Nc4 23. g5 b5 24. Nac3 Kb7 25. Rd1 Qc5 26. Nd4 Nxd4 27. Qxd4 Qxd4 28. Rxd4 Rc8 29.
Ne2 Kb6 30. Rd1 Rc7 31. Nd4 Rhc8 32. a3 a5 33. Ka2 a4 34. c3 Na5 35. Nc2 Rc4 36.
Rf3 Re4 37. Nd4 Nc4 38. Kb1 Ne3 39. Re1 Nf5 40. Rxe4 dxe4 41. Rf1 Nxd4 42. cxd4 Rd8 43. Rd1 e3 44. Kc2 e2 45. Re1 Rxd4 46. Rxe2 Rxf4 47. Rd2 Rf5 48. Rd6+ Kc5 49. Rd7 1-0

[Event "Late-Titled-Tuesday-Blitz-March-12-2024"]
[Site "Chess.com"]
[Date "2024.03.12"]
[Round "4"]
[White "kingofthenil"]
[Black "xasid81"]
[Result "1-0"]
[WhiteElo "2766"]
[BlackElo "2571"]
[TimeControl "180+1"]
[EndTime "14:37:57 PDT"]
[Termination "kingofthenil won by checkmate"]

1. e4 d5 2. exd5 Qxd5 3. Nc3 Qa5 4. a3 c6 5. b4 Qc7 6. d4 Nf6 7. Bc4 Bf5 8. Nf3 e6 9. O-O Nbd7 10. Qe2 Bd6 11.
Bg5 O-O 12. Rfe1 Rfe8 13. Ne5 Bxe5 14. dxe5 Nd5 15. Bd2 Bxc2 16. Rac1 Nxc3 17. Bxc3 Bg6 18. Red1 Nb6 19. Rd6 Rad8 20. Rcd1 Nd5 21. Bd4 Rxd6 22. exd6 Qxd6 23. Bxa7 Ra8 24. Bc5 Qc7 25. Qf3 b6 26. Bd4 b5 27. Ba2 Nxb4 28. axb4 Rxa2 29. Be5 Qc8 30.
Qxc6 Ra8 31. Qxb5 Qc2 32. Qd7 h5 33. h4 Ra2 34. Bg3 Rb2 35. Qe8+ Kh7 36. Rd8 Bf5 37.
Qxf7 Qc1+ 38. Kh2 Rb1 39. Qxh5+ Qh6 40. Qe8 Qc1 41. Qh8+ Kg6 42. h5+ Kf6 43. Rf8+ Ke7 44. Qxg7# 1-0

[Event "Late-Titled-Tuesday-Blitz-March-12-2024"]
[Site "Chess.com"]
[Date "2024.03.12"]
[Round "4"]
[White "karinachess1"]
[Black "WhiteKnight2612"]
[Result "1/2-1/2"]
[WhiteElo "2613"]
[BlackElo "2845"]
[TimeControl "180+1"]
[EndTime "14:37:58 PDT"]
[Termination "Game drawn by repetition"]

1. d4 Nf6 2. c4 g6 3. Nc3 d5 4. h4 dxc4 5. e4 b5 6. e5 Nd5 7. Nxb5 c6 8. Nc3 Be6 9. Nf3 h6 10. Bd2 Nd7 11. Qc1 N7b6 12. Ne4 Bg4 13. Be2 Bg7 14. O-O Rb8 15. Nc5 Qc8 16. Re1 Qf5 17. e6 fxe6 18. Ne5 Bxe5 19. Bxg4 Qxg4 20. dxe5 Nd7 21.
Re4 Qf5 22. Nxd7 Kxd7 23. Rxc4 Rhf8 24. Be1 Rb6 25. Qxh6 Rxb2 26. Rac1 Rxf2 27. Bxf2 Qxf2+ 28. Kh1 Ne3 29. Rd4+ Kc7 30. Qg5 Rf7 31. Re4 Nf5 32.
Rg4 Ne3 33. Re4 Nf1 34. Rec4 Ng3+ 35. Kh2 Nf1+ 36. Kh1 Ng3+ 37. Kh2 Nf1+ 38. Kh1 1/2-1/2

[Event "Late-Titled-Tuesday-Blitz-March-12-2024"]
[Site "Chess.com"]
[Date "2024.03.12"]
[Round "4"]
[White "ExtremeLearner"]
[Black "Witik"]
[Result "0-1"]
[WhiteElo "2564"]
[BlackElo "2736"]
[TimeControl "180+1"]
[EndTime "14:37:58 PDT"]
[Termination "Witik won by resignation"]

1. d4 Nf6 2. c4 e6 3. Nc3 Bb4 4. e3 O-O 5. a3 Bxc3+ 6. bxc3 d6 7. Bd3 e5 8. Ne2 Re8 9. Ng3 c5 10. O-O Nc6 11. d5 Ne7 12. e4 Ng6 13. Nf5 Ne7 14. Nxe7+ Qxe7 15. Bg5 h6 16. Bd2 Bg4 17. f3 Bd7 18. Qe2 Rf8 19. g3 b6 20. Qg2 a6 21.
Rae1 b5 22. f4 bxc4 23. Bxc4 Bb5 24. fxe5 dxe5 25. Qe2 Ne8 26. Bxb5 axb5 27. Qxb5 Rxa3 28. Qc4 Nd6 29. Qxc5 Ra2 30. Be3 Rc8 31. Qb4 Qd7 32. Rf2 Ra4 33. Qb3 Nxe4 34. Rc2 Rac4 35. Bf2 Qxd5 36.
Rce2 f5 37. Rxe4 fxe4 38. Qb7 Qxb7 0-1

[Event "Late-Titled-Tuesday-Blitz-March-12-2024"]
[Site "Chess.com"]
[Date "2024.03.12"]
[Round "4"]
[White "Likvidator228"]
[Black "JSPrepz"]
[Result "0-1"]
[WhiteElo "2602"]
[BlackElo "2827"]
[TimeControl "180+1"]
[EndTime "14:37:59 PDT"]
[Termination "JSPrepz won on time"]

1. d4 Nf6 2. Nf3 c5 3. c3 g6 4. Bf4 Bg7 5. e3 O-O 6. Nbd2 cxd4 7. cxd4 d6 8. h3 Nc6 9. Be2 Nd5 10. Bg3 e5 11. dxe5 dxe5 12. O-O Re8 13. Nc4 e4 14. Nfd2 Ndb4 15. Nd6 Re6 16. N6xe4 Bxb2 17. Rb1 Bg7 18. Bc4 Nd5 19. Nc5 Re7 20. Nf3 Nc3 21. Qxd8+ Nxd8 22. Rbc1 Nc6 23. Bd6 Re8 24. Ng5 Nd8 25. Kh1 h6 26. Nf3 Nc6 27. Nd3 Ne4 28. Nf4 Nxd6 29. Bd5 Ne7 30. Bb3 Bf5 31. Rfd1 Ne4 32. Kg1 Rac8 33. Nd4 Rxc1 34. Rxc1 Bxd4 35. exd4 Rc8 36. Rd1 Nd6 37. d5 Bd7 38. g4 Kg7 39. Nd3 Bb5 40. Ne5 Ng8 41. Rd2 Nf6 42. f4 Nfe4 43.
Rb2 Rc3 44. Kg2 Rg3+ 45. Kh2 Bf1 46. Bd1 Rxh3+ 47. Kg1 Ba6 48. Rh2 Rxh2 49. Kxh2 Nc3 50. Bb3 Bb5 51. Nf3 a5 52. Nd4 Bd7 53. Kg3 a4 54.
Bc2 Nxd5 0-1

[Event "Late-Titled-Tuesday-Blitz-March-12-2024"]
[Site "Chess.com"]
[Date "2024.03.12"]
[Round "4"]
[White "egnfanclub"]
[Black "DeArron_Fox"]
[Result "1-0"]
[WhiteElo "2391"]
[BlackElo "2536"]
[TimeControl "180+1"]
[EndTime "14:37:59 PDT"]
[Termination "egnfanclub won on time"]

1. e4 c5 2. Nc3 e6 3. f4 d5 4. Nf3 Nc6 5. Bb5 Ne7 6. exd5 exd5 7. Qe2 g6 8. Bxc6+ bxc6 9. O-O Bg7 10. Qf2 O-O 11.
Qxc5 Qb6 12. d4 Nf5 13. Na4 Qb5 14. Qxb5 cxb5 15. Nc3 Nxd4 16. Nxd4 Bxd4+ 17. Kh1 Bxc3 18. bxc3 Bf5 19. Rf2 Rfc8 20. Bb2 Rc4 21. Rd1 Be4 22. Kg1 a5 23. a3 h6 24. Rfd2 f5 25. Kf2 g5 26. g3 gxf4 27. gxf4 Kf7 28. Ke3 b4 29. axb4 axb4 30. cxb4 Ra2 31. c3 Ra4 32. Rd4 Ra8 33.
Rxc4 dxc4 34. Rd6 Bd3 35. Rxh6 Rg8 36. b5 Rg2 37. Ba3 Re2+ 38. Kd4 Re4+ 39. Kd5 Rxf4 40. b6 Rf1 41. b7 Rb1 42. Bb4 Be4+ 43. Kxc4 Bxb7 44.
Rh7+ Kg6 45. Rxb7 f4 46. Kd3 Kf5 47. Rf7+ Kg4 48. Bd6 Re1 49. Rxf4+ 1-0